Canucks vs Golden Knights

Created - 8 avril 2024 at 09:10

Goals
1 2 3 T
Canucks 0 1 1 2
Golden Knights 0 2 2 4
Shots
1 2 3 T
Canucks 11 8 11 30
Golden Knights 15 6 11 32

GoalsPenalties
1st period
No Goal
Darcy Kuemper (GKV) for Delaying the game (Minor) at 1:31 - Mitchell Marner served the penalty
Cale Makar (GKV) for Holding (Minor) at 7:53
Jeff Petry (VAN) for Roughing (Minor) at 14:43
2nd period
1. Golden Knights , Ilya Lyubushkin 1 (Jani Hakanpaa 1, Alex Newhook 3) at 1:37
2. Canucks , John Tavares 7 (Jonathan Huberdeau 8, Mikey Anderson 2) at 10:07 (SH)
3. Golden Knights , Chandler Stephenson 2 (Nick Suzuki 2, Cale Makar 1) at 17:39
Pierre-Edouard Bellemare (VAN) for Holding (Minor) at 5:12
Jonathan Toews (VAN) for Hooking (Minor) at 7:19
Austin Watson (VAN) for Hooking (Minor) at 9:49
Josh Morrissey (GKV) for Holding (Minor) at 18:08
3rd period
4. Golden Knights , Daniel Sprong 3 (Kirby Dach 4, Jaccob Slavin 3) at 8:36
5. Golden Knights , Nick Suzuki 1 (Chandler Stephenson 2, Troy Terry 2) at 15:16
6. Canucks , John Tavares 8 (Jonathan Huberdeau 9) at 18:33 (PP)
Josh Morrissey (GKV) for High sticking (Minor) at 18:18
Jeff Petry (VAN) for Tripping (Minor) at 18:57
Goalie Stats
Anton Forsberg (VAN), 28 saves from 32 shots - (0,875), L, 4-1-0, 60:00 minutes
Darcy Kuemper (GKV), 28 saves from 30 shots - (0,933), W, 5-0-2, 60:00 minutes
3 StarsOfficial
1 - Nick Suzuki (GKV)
2 - Chandler Stephenson (GKV)
3 - John Tavares (VAN)
Referees : John Hoolihan and Frederick L'Ecuyer
Linesman : Steve Barton and Travis Gawryletz
Game Note
No Game Note
Finance
Level 1 -- Attendance: 5958 (99%) -- Ticket Income $595,800
Level 2 -- Attendance: 5000 (100%) -- Ticket Income $300,000
Level 3 -- Attendance: 2000 (100%) -- Ticket Income $70,000
Level 4 -- Attendance: 3062 (77%) -- Ticket Income $76,550
Luxury Box -- Attendance: 1000 (100%) -- Ticket Income $200,000
Game was played at the T-Mobile Arena.
Total Attendance: 17020 (95%)
Total Ticket Income: $1,242,350
Other Income: $372,705
Total Income: $1,615,055



Team Name Goals Shots Shots Attemp Shots Blocked PIM HIT PP PK FO%
Canucks 23055910231 / 4 (25%)069%
Golden Knights 4325988150 / 5 (0%)131%

Canucks
Player Name POS G A P +/- PIM HIT SHT SB MP PP MP PP SHT PK MP PK SHT FO% FOT GA TA
Austin WatsonLW/RW000-2211017:572:2400:0000% 001
Brian DumoulinD000-3022128:543:3314:2600% 001
Eeli TolvanenLW/RW000-2022117:502:2410:0000% 000
Jeff PetryD000-2451025:213:3302:5400% 010
Jesse PuljujarviRW000-1010011:550:0000:00050% 210
John TavaresC/LW2020016025:453:4834:59175% 3600
Jonathan DrouinC/LW000001114:270:0001:2910% 101
Jonathan HuberdeauLW/RW0220041125:453:4804:5900% 300
Jonathan ToewsC000-2215019:592:2401:50089% 900
Justin SchultzD0001001121:052:3904:0900% 003
Marcus BjorkD000-100001:590:0000:0000% 000
Mikey AndersonD0111012221:052:3904:0900% 001
Nils AmanC000000000:110:0000:0000% 000
Oliver Ekman-LarssonD000-100009:380:0000:0000% 000
Pierre-Edouard BellemareC/LW000-1222013:430:0001:37075% 800
Ryan JohansenC/RW000-1021121:143:4802:4400% 110
Vincent DesharnaisD000-1001111:560:0002:1800% 002
William CarrierLW000-1004012:130:0000:1800% 100
Golden Knights
Player Name POS G A P +/- PIM HIT SHT SB MP PP MP PP SHT PK MP PK SHT FO% FOT GA TA
Alex NewhookC/LW011200106:540:0000:0000% 000
Artturi LehkonenLW/RW0000002011:260:0001:0100% 000
Cale MakarD0111230124:325:0201:5400% 020
Chandler StephensonC/LW1122002020:234:0802:57033% 301
Charlie McAvoyD0000011125:083:5603:3400% 000
Daniel SprongLW/RW101200206:540:0000:0000% 010
Dylan StromeC/LW0000001010:590:0000:07033% 300
Ilya LyubushkinD1012001111:320:0001:5700% 000
Jaccob SlavinD0111024125:495:0203:1000% 002
Jani HakanpaaD011200109:350:0000:0000% 000
Josh MorrisseyD0000410123:353:5601:4900% 020
Kirby DachC/RW011200106:540:0000:00075% 400
Kyle ConnorLW000-1014122:184:5013:15050% 200
Michael BuntingLW0000012010:250:0000:0000% 120
Mika ZibanejadC000-1014021:444:5003:08131% 3200
Mitchell MarnerRW000-1022221:134:5011:56050% 210
Nick SuzukiC/RW1122024017:124:0800:00014% 1410
Troy TerryRW0112010017:124:0800:0000% 000

Canucks

5 vs 5 Forward
Line #Left WingCenterRight WingPHYDFOFWanted %Time %Time Play
1Jonathan HuberdeauJohn TavaresRyan Johansen1224033%14:40
2Eeli TolvanenJonathan ToewsAustin Watson1223035%15:37
3William CarrierPierre-Edouard BellemareJesse Puljujarvi1222027%11:55
4John TavaresJonathan DrouinJonathan Huberdeau122106%2:38
5 vs 5 Defense
Line #DefenseDefensePHYDFOFWanted %Time %Time Play
1Brian DumoulinJeff Petry1224042%18:56
2Mikey AndersonJustin Schultz1223032%14:17
3Oliver Ekman-LarssonVincent Desharnais1222021%9:38
4Marcus BjorkBrian Dumoulin122104%1:59
Power Play Forward
Line #Left WingCenterRight WingPHYDFOFWanted %Time %Time Play
1Jonathan HuberdeauJohn TavaresRyan Johansen1226061%3:48
2Eeli TolvanenJonathan ToewsAustin Watson1224039%2:24
Power Play Defense
Line #DefenseDefensePHYDFOFWanted %Time %Time Play
1Brian DumoulinJeff Petry1226057%3:33
2Mikey AndersonJustin Schultz1224043%2:39
Penalty Kill 4 Players Forward
Line #CenterWingPHYDFOFWanted %Time %Time Play
1John TavaresJonathan Huberdeau1226070%6:14
2Ryan JohansenJonathan Toews1224030%2:44
Penalty Kill 4 Players Defense
Line #DefenseDefensePHYDFOFWanted %Time %Time Play
1Brian DumoulinJeff Petry1226054%4:49
2Mikey AndersonJustin Schultz1224046%4:09
Penalty Kill 3 Players
Line #WingPHYDFOFWanted %Time %Time PlayDefenseDefensePHYDFOFWanted %Time %Time Play
1John Tavares122600%0:00 Brian DumoulinJeff Petry122600%0:00
2Jonathan Huberdeau122400%0:00 Mikey AndersonJustin Schultz122400%0:00
4 vs 4 Forward
Line #CenterWingPHYDFOFWanted %Time %Time Play
1John TavaresJonathan Huberdeau122600%0:00
2Ryan JohansenJonathan Toews122400%0:00
4 vs 4 Defense
Line #DefensePHYDFOFWanted %Time %Time Play
1Brian DumoulinJeff Petry122600%0:00
2Mikey AndersonJustin Schultz122400%0:00
Last Minutes Offensive
Left WingCenterRight WingDefenseDefense
Jonathan HuberdeauJohn TavaresRyan JohansenBrian DumoulinJeff Petry
Last Minutes Defensive
Left WingCenterRight WingDefenseDefense
Jonathan HuberdeauJohn TavaresRyan JohansenBrian DumoulinJeff Petry
Time
Total ForwardTotal DefenseLast Minutes OffensiveLast Minutes Defensive
60:00 60:00 0:000:00
Extra Forwards
Normal PowerPlayPenalty Kill
Nils Aman, William Carrier, Pierre-Edouard BellemareNils Aman, William CarrierPierre-Edouard Bellemare
Extra Defensemen
Normal PowerPlayPenalty Kill
Oliver Ekman-Larsson, Vincent Desharnais, Marcus BjorkOliver Ekman-Larsson, Vincent DesharnaisMarcus Bjork
Penalty Shots
John Tavares, Jonathan Huberdeau, Ryan Johansen, Jonathan Toews, Eeli Tolvanen
Goalie
Anton Forsberg, Mackenzie Blackwood
Scratches
None

Golden Knights

5 vs 5 Forward
Line #Left WingCenterRight WingPHYDFOFWanted %Time %Time Play
1Kyle ConnorMika ZibanejadMitchell Marner0234031%13:46
2Chandler StephensonNick SuzukiTroy Terry0233531%13:45
3Michael BuntingDylan StromeArtturi Lehkonen1222023%10:25
4Alex NewhookKirby DachDaniel Sprong122515%6:54
5 vs 5 Defense
Line #DefenseDefensePHYDFOFWanted %Time %Time Play
1Cale MakarJaccob Slavin1224039%17:37
2Charlie McAvoyJosh Morrissey1224039%17:38
3Ilya LyubushkinJani Hakanpaa1222021%9:35
4Cale MakarJaccob Slavin12200%0:00
Power Play Forward
Line #Left WingCenterRight WingPHYDFOFWanted %Time %Time Play
1Kyle ConnorMika ZibanejadMitchell Marner0146054%4:50
2Chandler StephensonNick SuzukiTroy Terry0144046%4:08
Power Play Defense
Line #DefenseDefensePHYDFOFWanted %Time %Time Play
1Cale MakarJaccob Slavin1136056%5:02
2Charlie McAvoyJosh Morrissey1134044%3:56
Penalty Kill 4 Players Forward
Line #CenterWingPHYDFOFWanted %Time %Time Play
1Mika ZibanejadKyle Connor1315051%3:10
2Chandler StephensonMitchell Marner1315049%3:02
Penalty Kill 4 Players Defense
Line #DefenseDefensePHYDFOFWanted %Time %Time Play
1Cale MakarJaccob Slavin1315051%3:10
2Charlie McAvoyJosh Morrissey1315049%3:02
Penalty Kill 3 Players
Line #WingPHYDFOFWanted %Time %Time PlayDefenseDefensePHYDFOFWanted %Time %Time Play
1Mika Zibanejad050500%0:00 Cale MakarJaccob Slavin050500%0:00
2Chandler Stephenson050500%0:00 Charlie McAvoyJosh Morrissey050500%0:00
4 vs 4 Forward
Line #CenterWingPHYDFOFWanted %Time %Time Play
1Mika ZibanejadKyle Connor023600%0:00
2Nick SuzukiChandler Stephenson023400%0:00
4 vs 4 Defense
Line #DefensePHYDFOFWanted %Time %Time Play
1Cale MakarJaccob Slavin023600%0:00
2Charlie McAvoyJosh Morrissey023400%0:00
Last Minutes Offensive
Left WingCenterRight WingDefenseDefense
Kyle ConnorMika ZibanejadMitchell MarnerCale MakarJaccob Slavin
Last Minutes Defensive
Left WingCenterRight WingDefenseDefense
Chandler StephensonMika ZibanejadMitchell MarnerCale MakarJaccob Slavin
Time
Total ForwardTotal DefenseLast Minutes OffensiveLast Minutes Defensive
60:00 60:00 0:000:00
Extra Forwards
Normal PowerPlayPenalty Kill
Chandler Stephenson, Nick Suzuki, Troy TerryChandler Stephenson, Nick SuzukiChandler Stephenson
Extra Defensemen
Normal PowerPlayPenalty Kill
Josh Morrissey, Charlie McAvoy, Jani HakanpaaJosh Morrissey, Charlie McAvoyIlya Lyubushkin
Penalty Shots
Mika Zibanejad, Mitchell Marner, Nick Suzuki, Kyle Connor, Chandler Stephenson
Goalie
Darcy Kuemper, Kevin Lankinen
Scratches
Juraj Slafkovsky (Healthy)


Play-by-Play

1st period


0:01 of 1st period - Mika Zibanejad wins face-off versus Ryan Johansen in neutral zone.
0:37 of 1st period - Backhand shot by Nick Suzuki.
0:37 of 1st period - Stopped by Anton Forsberg without a rebound.
0:38 of 1st period - Pierre-Edouard Bellemare wins face-off versus Dylan Strome in Canucks zone.
0:55 of 1st period - Snap shot by Artturi Lehkonen.
0:55 of 1st period - Shot Misses the Net.
1:31 of 1st period - Wrist shot by Jonathan Toews.
1:31 of 1st period - Stopped by Darcy Kuemper without a rebound.
1:31 of 1st period - Minor Penalty to Darcy Kuemper for Delaying the game.
1:32 of 1st period - John Tavares wins face-off versus Mika Zibanejad in Golden Knights zone.
1:45 of 1st period - Slapshot by Jonathan Huberdeau.
1:45 of 1st period - Deflect By John Tavares.
1:45 of 1st period - Stopped by Darcy Kuemper without a rebound.
1:46 of 1st period - John Tavares wins face-off versus Chandler Stephenson in Golden Knights zone.
1:53 of 1st period - Snap shot by Jonathan Huberdeau.
1:53 of 1st period - Deflect By John Tavares.
1:53 of 1st period - Shot Misses the Net.
1:53 of 1st period - Puck is out of play.
1:54 of 1st period - Chandler Stephenson wins face-off versus Jonathan Huberdeau in Golden Knights zone.
3:31 of 1st period - Penalty to Mitchell Marner is over, Mitchell Marner is back on ice.
3:32 of 1st period - Slapshot by Mitchell Marner.
3:32 of 1st period - Shot Blocked by Justin Schultz.
3:57 of 1st period - Snap shot by Mitchell Marner.
3:57 of 1st period - Stopped by Anton Forsberg without a rebound.
3:58 of 1st period - Kirby Dach wins face-off versus Jesse Puljujarvi in Canucks zone.
4:22 of 1st period - Icing by Brian Dumoulin.
4:23 of 1st period - Nick Suzuki wins face-off versus Pierre-Edouard Bellemare in Canucks zone.
4:34 of 1st period - Wrist shot by Dylan Strome.
4:34 of 1st period - Stopped by Anton Forsberg with a rebound.
4:36 of 1st period - Slapshot by Jani Hakanpaa.
4:36 of 1st period - Stopped by Anton Forsberg without a rebound.
4:37 of 1st period - John Tavares wins face-off versus Mitchell Marner in Canucks zone.
5:03 of 1st period - Eeli Tolvanen is hit by Troy Terry and loses puck.
5:12 of 1st period - Snap shot by Chandler Stephenson.
5:12 of 1st period - Stopped by Anton Forsberg with a rebound.
5:14 of 1st period - Slapshot by Charlie McAvoy.
5:14 of 1st period - Stopped by Anton Forsberg with a rebound.
6:28 of 1st period - Brian Dumoulin is hit by Cale Makar and loses puck.
6:53 of 1st period - Slapshot by Jeff Petry.
6:53 of 1st period - Stopped by Darcy Kuemper without a rebound.
6:54 of 1st period - Pierre-Edouard Bellemare wins face-off versus Dylan Strome in Golden Knights zone.
7:16 of 1st period - Off-side.
7:17 of 1st period - John Tavares wins face-off versus Mika Zibanejad in neutral zone.
7:27 of 1st period - Off-side.
7:28 of 1st period - Mika Zibanejad wins face-off versus John Tavares in neutral zone.
7:40 of 1st period - Off-side.
7:41 of 1st period - John Tavares wins face-off versus Mika Zibanejad in neutral zone.
7:44 of 1st period - Slapshot by John Tavares.
7:44 of 1st period - Stopped by Darcy Kuemper with a rebound.
7:46 of 1st period - Snap shot by Jonathan Huberdeau.
7:46 of 1st period - Shot Misses the Net.
7:48 of 1st period - Snap shot by John Tavares.
7:48 of 1st period - Stopped by Darcy Kuemper without a rebound.
7:49 of 1st period - John Tavares wins face-off versus Mika Zibanejad in Golden Knights zone.
7:53 of 1st period - Minor Penalty to Cale Makar for Holding.
7:54 of 1st period - Mika Zibanejad wins face-off versus John Tavares in Golden Knights zone.
8:07 of 1st period - Wrist shot by Mika Zibanejad.
8:07 of 1st period - Stopped by Anton Forsberg with a rebound.
9:15 of 1st period - Icing by Jonathan Toews.
9:16 of 1st period - Jonathan Toews wins face-off versus Mika Zibanejad in Canucks zone.
9:39 of 1st period - Jaccob Slavin is hit by Mikey Anderson and loses puck.
9:53 of 1st period - Penalty to Cale Makar is over, Cale Makar is back on ice.
10:08 of 1st period - Dylan Strome is hit by Jesse Puljujarvi and loses puck.
11:05 of 1st period - Slapshot by Kyle Connor.
11:05 of 1st period - Stopped by Anton Forsberg without a rebound.
11:06 of 1st period - Jonathan Toews wins face-off versus Mika Zibanejad in Canucks zone.
11:06 of 1st period - Jonathan Toews is hit by Kyle Connor.
11:12 of 1st period - Austin Watson is hit by Jaccob Slavin and loses puck.
11:19 of 1st period - Wrist shot by Mika Zibanejad.
11:19 of 1st period - Stopped by Anton Forsberg without a rebound.
11:20 of 1st period - John Tavares wins face-off versus Mika Zibanejad in Canucks zone.
11:20 of 1st period - John Tavares is hit by Mitchell Marner.
11:34 of 1st period - Slapshot by Mika Zibanejad.
11:34 of 1st period - Shot Misses the Net.
11:36 of 1st period - Wrist shot by Kyle Connor.
11:36 of 1st period - Shot Misses the Net.
11:46 of 1st period - Chandler Stephenson is hit by Jonathan Toews and loses puck.
12:11 of 1st period - Snap shot by Pierre-Edouard Bellemare.
12:11 of 1st period - Stopped by Darcy Kuemper with a rebound.
12:13 of 1st period - Backhand shot by Brian Dumoulin.
12:13 of 1st period - Shot Blocked by Ilya Lyubushkin.
13:29 of 1st period - Snap shot by Mika Zibanejad.
13:29 of 1st period - Stopped by Anton Forsberg with a rebound.
14:19 of 1st period - Charlie McAvoy is hit by Ryan Johansen and loses puck.
14:30 of 1st period - Slapshot by Josh Morrissey.
14:30 of 1st period - Deflect By Kyle Connor.
14:30 of 1st period - Stopped by Anton Forsberg without a rebound.
14:31 of 1st period - Pierre-Edouard Bellemare wins face-off versus Kyle Connor in Canucks zone.
14:43 of 1st period - Minor Penalty to Jeff Petry for Roughing.
14:44 of 1st period - Mika Zibanejad wins face-off versus John Tavares in Canucks zone.
14:44 of 1st period - Snap shot by Mitchell Marner.
14:44 of 1st period - Deflect By John Tavares.
14:44 of 1st period - Stopped by Anton Forsberg without a rebound.
14:45 of 1st period - Mitchell Marner wins face-off versus Jonathan Huberdeau in Canucks zone.
15:00 of 1st period - Snap shot by Kyle Connor.
15:00 of 1st period - Stopped by Anton Forsberg with a rebound.
15:44 of 1st period - Josh Morrissey is hit by Jonathan Drouin and loses puck.
15:53 of 1st period - Pierre-Edouard Bellemare is hit by Mitchell Marner and loses puck.
16:43 of 1st period - Penalty to Jeff Petry is over, Jeff Petry is back on ice.
17:11 of 1st period - Ilya Lyubushkin is hit by Jeff Petry and loses puck.
18:03 of 1st period - Icing by Cale Makar.
18:04 of 1st period - Kirby Dach wins face-off versus Jonathan Toews in Golden Knights zone.
18:13 of 1st period - Snap shot by Jonathan Toews.
18:13 of 1st period - Stopped by Darcy Kuemper without a rebound.
18:14 of 1st period - Mika Zibanejad wins face-off versus John Tavares in Golden Knights zone.
18:27 of 1st period - Snap shot by Kyle Connor.
18:27 of 1st period - Shot Blocked by Mikey Anderson.
18:29 of 1st period - Slapshot by Jaccob Slavin.
18:29 of 1st period - Stopped by Anton Forsberg with a rebound.
18:31 of 1st period - Slapshot by Jaccob Slavin.
18:31 of 1st period - Stopped by Anton Forsberg without a rebound.
18:32 of 1st period - Jonathan Toews wins face-off versus Nick Suzuki in Canucks zone.
19:11 of 1st period - Slapshot by John Tavares.
19:11 of 1st period - Shot Misses the Net.
19:21 of 1st period - Wrist shot by William Carrier.
19:21 of 1st period - Stopped by Darcy Kuemper without a rebound.
19:22 of 1st period - Pierre-Edouard Bellemare wins face-off versus Nick Suzuki in Golden Knights zone.
19:23 of 1st period - Slapshot by William Carrier.
19:23 of 1st period - Stopped by Darcy Kuemper without a rebound.
19:24 of 1st period - Pierre-Edouard Bellemare wins face-off versus Nick Suzuki in Golden Knights zone.
19:25 of 1st period - Snap shot by William Carrier.
19:25 of 1st period - Shot Blocked by Jaccob Slavin.
19:27 of 1st period - Slapshot by Mikey Anderson.
19:27 of 1st period - Stopped by Darcy Kuemper without a rebound.
19:28 of 1st period - Jesse Puljujarvi wins face-off versus Nick Suzuki in Golden Knights zone.
19:29 of 1st period - Wrist shot by Pierre-Edouard Bellemare.
19:29 of 1st period - Stopped by Darcy Kuemper without a rebound.
19:30 of 1st period - John Tavares wins face-off versus Nick Suzuki in Golden Knights zone.
Goals for this period are 0 for Canucks vs 0 for Golden Knights.
Shots for this period are 11 for Canucks vs 15 for Golden Knights.

2nd period


0:01 of 2nd period - John Tavares wins face-off versus Mika Zibanejad in neutral zone.
0:26 of 2nd period - Chandler Stephenson is hit by Austin Watson and loses puck.
0:33 of 2nd period - Snap shot by Eeli Tolvanen.
0:33 of 2nd period - Shot Misses the Net.
1:15 of 2nd period - Wrist shot by Kyle Connor.
1:15 of 2nd period - Shot Blocked by Vincent Desharnais.
1:31 of 2nd period - Snap shot by Alex Newhook.
1:31 of 2nd period - Stopped by Anton Forsberg with a rebound.
1:33 of 2nd period - Slapshot by Jani Hakanpaa.
1:33 of 2nd period - Shot Misses the Net.
1:35 of 2nd period - Slapshot by Jani Hakanpaa.
1:35 of 2nd period - Shot Blocked by Jonathan Huberdeau.
1:37 of 2nd period - Slapshot by Ilya Lyubushkin.
1:37 of 2nd period - Goal by Ilya Lyubushkin - Canucks : 0 - Golden Knights : 1.
1:38 of 2nd period - Jonathan Toews wins face-off versus Mika Zibanejad in neutral zone.
2:13 of 2nd period - Snap shot by Chandler Stephenson.
2:13 of 2nd period - Shot Misses the Net.
2:15 of 2nd period - Wrist shot by Nick Suzuki.
2:15 of 2nd period - Shot Misses the Net.
2:17 of 2nd period - Slapshot by Cale Makar.
2:17 of 2nd period - Shot Blocked by Brian Dumoulin.
2:19 of 2nd period - Slapshot by Jaccob Slavin.
2:19 of 2nd period - Stopped by Anton Forsberg with a rebound.
4:43 of 2nd period - Wrist shot by Kirby Dach.
4:43 of 2nd period - Shot Misses the Net.
5:04 of 2nd period - Snap shot by Chandler Stephenson.
5:04 of 2nd period - Shot Misses the Net.
5:12 of 2nd period - Minor Penalty to Pierre-Edouard Bellemare for Holding.
5:13 of 2nd period - Mika Zibanejad wins face-off versus John Tavares in Canucks zone.
5:52 of 2nd period - Snap shot by Nick Suzuki.
5:52 of 2nd period - Shot Blocked by Ryan Johansen.
6:50 of 2nd period - Wrist shot by William Carrier.
6:50 of 2nd period - Shot Misses the Net.
6:52 of 2nd period - Slapshot by Justin Schultz.
6:52 of 2nd period - Shot Misses the Net.
6:54 of 2nd period - Wrist shot by Jonathan Drouin.
6:54 of 2nd period - Stopped by Darcy Kuemper without a rebound.
6:55 of 2nd period - John Tavares wins face-off versus Nick Suzuki in Golden Knights zone.
7:12 of 2nd period - Penalty to Pierre-Edouard Bellemare is over, Pierre-Edouard Bellemare is back on ice.
7:19 of 2nd period - Minor Penalty to Jonathan Toews for Hooking.
7:20 of 2nd period - John Tavares wins face-off versus Mika Zibanejad in Canucks zone.
7:33 of 2nd period - Kyle Connor is hit by Brian Dumoulin and loses puck.
7:50 of 2nd period - Ryan Johansen is hit by Nick Suzuki and loses puck.
8:31 of 2nd period - Josh Morrissey is hit by Pierre-Edouard Bellemare and loses puck.
9:18 of 2nd period - Josh Morrissey is hit by Pierre-Edouard Bellemare and loses puck.
9:19 of 2nd period - Penalty to Jonathan Toews is over, Jonathan Toews is back on ice.
9:34 of 2nd period - Brian Dumoulin is hit by Michael Bunting and loses puck.
9:49 of 2nd period - Minor Penalty to Austin Watson for Hooking.
9:50 of 2nd period - John Tavares wins face-off versus Mika Zibanejad in Canucks zone.
10:07 of 2nd period - Snap shot by John Tavares.
10:07 of 2nd period - Goal by John Tavares - Canucks : 1 - Golden Knights : 1.
10:08 of 2nd period - John Tavares wins face-off versus Mika Zibanejad in neutral zone.
10:11 of 2nd period - Mika Zibanejad is hit by Jeff Petry.
11:49 of 2nd period - Penalty to Austin Watson is over, Austin Watson is back on ice.
12:04 of 2nd period - Snap shot by William Carrier.
12:04 of 2nd period - Stopped by Darcy Kuemper without a rebound.
12:05 of 2nd period - Pierre-Edouard Bellemare wins face-off versus Michael Bunting in Golden Knights zone.
12:08 of 2nd period - Backhand shot by Pierre-Edouard Bellemare.
12:08 of 2nd period - Shot Misses the Net.
12:10 of 2nd period - Snap shot by William Carrier.
12:10 of 2nd period - Stopped by Darcy Kuemper with a rebound.
12:12 of 2nd period - Slapshot by Vincent Desharnais.
12:12 of 2nd period - Stopped by Darcy Kuemper with a rebound.
12:14 of 2nd period - Snap shot by William Carrier.
12:14 of 2nd period - Shot Misses the Net.
12:16 of 2nd period - Wrist shot by Pierre-Edouard Bellemare.
12:16 of 2nd period - Deflect By Jesse Puljujarvi.
12:16 of 2nd period - Shot Misses the Net.
12:16 of 2nd period - Puck is out of play.
12:17 of 2nd period - Kyle Connor wins face-off versus John Tavares in Golden Knights zone.
12:36 of 2nd period - Kyle Connor is hit by Jonathan Huberdeau.
13:46 of 2nd period - Wrist shot by Ryan Johansen.
13:46 of 2nd period - Stopped by Darcy Kuemper without a rebound.
13:47 of 2nd period - John Tavares wins face-off versus Nick Suzuki in Golden Knights zone.
15:08 of 2nd period - Wrist shot by Kyle Connor.
15:08 of 2nd period - Stopped by Anton Forsberg without a rebound.
15:09 of 2nd period - Jonathan Toews wins face-off versus Mika Zibanejad in Canucks zone.
16:21 of 2nd period - Wrist shot by Eeli Tolvanen.
16:21 of 2nd period - Shot Misses the Net.
16:40 of 2nd period - Icing by Jaccob Slavin.
16:41 of 2nd period - John Tavares wins face-off versus Mika Zibanejad in Golden Knights zone.
16:50 of 2nd period - Snap shot by Jonathan Huberdeau.
16:50 of 2nd period - Shot Blocked by Cale Makar.
16:52 of 2nd period - Slapshot by Ryan Johansen.
16:52 of 2nd period - Shot Blocked by Kyle Connor.
16:54 of 2nd period - Wrist shot by Jonathan Huberdeau.
16:54 of 2nd period - Stopped by Darcy Kuemper with a rebound.
17:20 of 2nd period - Wrist shot by Cale Makar.
17:20 of 2nd period - Shot Misses the Net.
17:30 of 2nd period - Troy Terry is hit by Jeff Petry and loses puck.
17:37 of 2nd period - Backhand shot by Nick Suzuki.
17:37 of 2nd period - Shot Blocked by Eeli Tolvanen.
17:39 of 2nd period - Wrist shot by Chandler Stephenson.
17:39 of 2nd period - Goal by Chandler Stephenson - Canucks : 1 - Golden Knights : 2.
17:40 of 2nd period - John Tavares wins face-off versus Mika Zibanejad in neutral zone.
17:49 of 2nd period - Snap shot by Mika Zibanejad.
17:49 of 2nd period - Stopped by Anton Forsberg with a rebound.
18:08 of 2nd period - Minor Penalty to Josh Morrissey for Holding.
18:09 of 2nd period - Mika Zibanejad wins face-off versus John Tavares in Golden Knights zone.
18:15 of 2nd period - Charlie McAvoy is hit by Jeff Petry and loses puck.
19:14 of 2nd period - Slapshot by Justin Schultz.
19:14 of 2nd period - Deflect By Eeli Tolvanen.
19:14 of 2nd period - Stopped by Darcy Kuemper with a rebound.
19:44 of 2nd period - Ilya Lyubushkin is hit by Jonathan Huberdeau and loses puck.
Goals for this period are 1 for Canucks vs 2 for Golden Knights.
Shots for this period are 8 for Canucks vs 6 for Golden Knights.

3rd period


0:01 of 3rd period - John Tavares wins face-off versus Chandler Stephenson in neutral zone.
0:05 of 3rd period - Snap shot by John Tavares.
0:05 of 3rd period - Stopped by Darcy Kuemper with a rebound.
0:07 of 3rd period - Wrist shot by Brian Dumoulin.
0:07 of 3rd period - Stopped by Darcy Kuemper with a rebound.
0:08 of 3rd period - Penalty to Josh Morrissey is over, Josh Morrissey is back on ice.
0:09 of 3rd period - Wrist shot by Jeff Petry.
0:09 of 3rd period - Shot Blocked by Mitchell Marner.
1:10 of 3rd period - Snap shot by John Tavares.
1:10 of 3rd period - Shot Misses the Net.
1:12 of 3rd period - Slapshot by Justin Schultz.
1:12 of 3rd period - Stopped by Darcy Kuemper without a rebound.
1:13 of 3rd period - Jonathan Toews wins face-off versus Nick Suzuki in Golden Knights zone.
1:49 of 3rd period - Charlie McAvoy is hit by Ryan Johansen and loses puck.
2:41 of 3rd period - Off-side.
2:42 of 3rd period - Nick Suzuki wins face-off versus Jonathan Huberdeau in neutral zone.
2:47 of 3rd period - Wrist shot by Nick Suzuki.
2:47 of 3rd period - Stopped by Anton Forsberg without a rebound.
2:48 of 3rd period - John Tavares wins face-off versus Nick Suzuki in Canucks zone.
2:48 of 3rd period - John Tavares is hit by Cale Makar.
3:06 of 3rd period - Jonathan Huberdeau is hit by Jaccob Slavin.
4:08 of 3rd period - Wrist shot by Jeff Petry.
4:08 of 3rd period - Deflect By Eeli Tolvanen.
4:08 of 3rd period - Stopped by Darcy Kuemper without a rebound.
4:09 of 3rd period - John Tavares wins face-off versus Mika Zibanejad in Golden Knights zone.
4:16 of 3rd period - Wrist shot by John Tavares.
4:16 of 3rd period - Shot Blocked by Josh Morrissey.
7:55 of 3rd period - Jonathan Huberdeau is hit by Nick Suzuki and loses puck.
8:12 of 3rd period - Snap shot by Alex Newhook.
8:12 of 3rd period - Deflect By Kirby Dach.
8:12 of 3rd period - Stopped by Anton Forsberg without a rebound.
8:13 of 3rd period - Kirby Dach wins face-off versus William Carrier in Canucks zone.
8:26 of 3rd period - Snap shot by Alex Newhook.
8:26 of 3rd period - Shot Misses the Net.
8:28 of 3rd period - Snap shot by Kirby Dach.
8:28 of 3rd period - Shot Misses the Net.
8:30 of 3rd period - Snap shot by Daniel Sprong.
8:30 of 3rd period - Stopped by Anton Forsberg with a rebound.
8:32 of 3rd period - Slapshot by Jaccob Slavin.
8:32 of 3rd period - Stopped by Anton Forsberg with a rebound.
8:36 of 3rd period - Snap shot by Daniel Sprong.
8:36 of 3rd period - Goal by Daniel Sprong - Canucks : 1 - Golden Knights : 3.
8:37 of 3rd period - John Tavares wins face-off versus Mika Zibanejad in neutral zone.
9:48 of 3rd period - Alex Newhook is hit by Eeli Tolvanen and loses puck.
9:57 of 3rd period - Wrist shot by Jonathan Toews.
9:57 of 3rd period - Stopped by Darcy Kuemper with a rebound.
9:59 of 3rd period - Snap shot by Austin Watson.
9:59 of 3rd period - Stopped by Darcy Kuemper without a rebound.
10:00 of 3rd period - Mika Zibanejad wins face-off versus John Tavares in Golden Knights zone.
10:00 of 3rd period - Mika Zibanejad is hit by John Tavares.
11:53 of 3rd period - Slapshot by Michael Bunting.
11:53 of 3rd period - Stopped by Anton Forsberg without a rebound.
11:54 of 3rd period - John Tavares wins face-off versus Mika Zibanejad in Canucks zone.
12:13 of 3rd period - Jonathan Toews is hit by Mika Zibanejad and loses puck.
12:24 of 3rd period - Austin Watson is hit by Charlie McAvoy and loses puck.
12:29 of 3rd period - Wrist shot by Michael Bunting.
12:29 of 3rd period - Stopped by Anton Forsberg with a rebound.
12:31 of 3rd period - Snap shot by Artturi Lehkonen.
12:31 of 3rd period - Stopped by Anton Forsberg without a rebound.
12:32 of 3rd period - John Tavares wins face-off versus Nick Suzuki in Canucks zone.
12:49 of 3rd period - Snap shot by Nick Suzuki.
12:49 of 3rd period - Stopped by Anton Forsberg with a rebound.
13:01 of 3rd period - Slapshot by Artturi Lehkonen.
13:01 of 3rd period - Stopped by Anton Forsberg with a rebound.
13:11 of 3rd period - Slapshot by Michael Bunting.
13:11 of 3rd period - Shot Misses the Net.
13:28 of 3rd period - Jeff Petry is hit by Josh Morrissey and loses puck.
13:31 of 3rd period - Slapshot by Brian Dumoulin.
13:31 of 3rd period - Stopped by Darcy Kuemper with a rebound.
13:33 of 3rd period - Snap shot by Austin Watson.
13:33 of 3rd period - Shot Blocked by Mitchell Marner.
13:35 of 3rd period - Slapshot by Brian Dumoulin.
13:35 of 3rd period - Shot Blocked by Charlie McAvoy.
14:17 of 3rd period - Backhand shot by Alex Newhook.
14:17 of 3rd period - Shot Blocked by Mikey Anderson.
14:33 of 3rd period - Pierre-Edouard Bellemare is hit by Cale Makar and loses puck.
14:42 of 3rd period - Michael Bunting is hit by Eeli Tolvanen and loses puck.
14:54 of 3rd period - Icing by Vincent Desharnais.
14:55 of 3rd period - Mika Zibanejad wins face-off versus John Tavares in Canucks zone.
15:00 of 3rd period - Slapshot by Kyle Connor.
15:00 of 3rd period - Shot Misses the Net.
15:14 of 3rd period - Wrist shot by Chandler Stephenson.
15:14 of 3rd period - Shot Misses the Net.
15:16 of 3rd period - Snap shot by Nick Suzuki.
15:16 of 3rd period - Goal by Nick Suzuki - Canucks : 1 - Golden Knights : 4.
15:17 of 3rd period - John Tavares wins face-off versus Mika Zibanejad in neutral zone.
15:32 of 3rd period - Cale Makar is hit by Jonathan Huberdeau and loses puck.
15:47 of 3rd period - Snap shot by Eeli Tolvanen.
15:47 of 3rd period - Shot Hit the Post.
15:49 of 3rd period - Wrist shot by Brian Dumoulin.
15:49 of 3rd period - Deflect By Jonathan Toews.
15:49 of 3rd period - Shot Misses the Net.
15:49 of 3rd period - Puck is out of play.
15:50 of 3rd period - Jonathan Toews wins face-off versus Nick Suzuki in Golden Knights zone.
15:51 of 3rd period - Wrist shot by Austin Watson.
15:51 of 3rd period - Shot Misses the Net.
16:24 of 3rd period - Snap shot by Jeff Petry.
16:24 of 3rd period - Shot Misses the Net.
16:44 of 3rd period - Artturi Lehkonen is hit by Jeff Petry and loses puck.
16:59 of 3rd period - Snap shot by Jonathan Toews.
16:59 of 3rd period - Stopped by Darcy Kuemper without a rebound.
17:00 of 3rd period - Jonathan Toews wins face-off versus Kirby Dach in Golden Knights zone.
17:03 of 3rd period - Slapshot by Jonathan Toews.
17:03 of 3rd period - Stopped by Darcy Kuemper with a rebound.
17:15 of 3rd period - Slapshot by Mikey Anderson.
17:15 of 3rd period - Stopped by Darcy Kuemper without a rebound.
17:16 of 3rd period - John Tavares wins face-off versus Mika Zibanejad in Golden Knights zone.
17:29 of 3rd period - Jaccob Slavin is hit by Jonathan Huberdeau and loses puck.
18:14 of 3rd period - Slapshot by Mikey Anderson.
18:14 of 3rd period - Deflect By William Carrier.
18:14 of 3rd period - Shot Misses the Net.
18:14 of 3rd period - Puck is out of play.
18:15 of 3rd period - Mika Zibanejad wins face-off versus Pierre-Edouard Bellemare in Golden Knights zone.
18:15 of 3rd period - Mika Zibanejad is hit by Brian Dumoulin.
18:18 of 3rd period - Minor Penalty to Josh Morrissey for High sticking.
18:19 of 3rd period - John Tavares wins face-off versus Mika Zibanejad in Golden Knights zone.
18:31 of 3rd period - Snap shot by Jonathan Huberdeau.
18:31 of 3rd period - Shot Misses the Net.
18:33 of 3rd period - Snap shot by Jonathan Huberdeau.
18:33 of 3rd period - Deflect By John Tavares.
18:33 of 3rd period - Goal by John Tavares - Canucks : 2 - Golden Knights : 4.
18:34 of 3rd period - Dylan Strome wins face-off versus Jonathan Drouin in neutral zone.
18:43 of 3rd period - Wrist shot by Artturi Lehkonen.
18:43 of 3rd period - Shot Blocked by Jonathan Drouin.
18:45 of 3rd period - Snap shot by Artturi Lehkonen.
18:45 of 3rd period - Shot Misses the Net.
18:47 of 3rd period - Slapshot by Charlie McAvoy.
18:47 of 3rd period - Shot Misses the Net.
18:49 of 3rd period - Slapshot by Michael Bunting.
18:49 of 3rd period - Shot Misses the Net.
18:51 of 3rd period - Slapshot by Josh Morrissey.
18:51 of 3rd period - Shot Misses the Net.
18:57 of 3rd period - Minor Penalty to Jeff Petry for Tripping.
18:58 of 3rd period - John Tavares wins face-off versus Mika Zibanejad in Canucks zone.
19:55 of 3rd period - Icing by Troy Terry.
19:56 of 3rd period - John Tavares wins face-off versus Nick Suzuki in Golden Knights zone.
Goals for this period are 1 for Canucks vs 2 for Golden Knights.
Shots for this period are 11 for Canucks vs 11 for Golden Knights.